 Dungeon Crawl Stone Soup version 0.16-a0-3291-g9854cb9 (webtiles) character file.

51570 Minkie the Covert (level 14, -4/98 HPs)
             Began as a Vampire Enchanter on Dec 24, 2014.
             Was a High Priest of Kikubaaqudgha.
             Hit by a large rock thrown by a cyclops (34 damage)
             ... on level 13 of the Dungeon.
             The game lasted 01:59:06 (23355 turns).

Minkie the Covert (Vampire Enchanter)              Turns: 23355, Time: 01:59:06

Health: -4/98      AC: 11    Str:  9    XL:     14   Next: 23%
Magic:  17/30      EV: 19    Int: 21    God:    Kikubaaqudgha [*****.]
Gold:   749        SH:  6    Dex: 15    Spells: 4 memorised, 20 levels left

rFire  + . .     SeeInvis +     a - +2 rapier (vamp)
rCold  + . .     Clarity  .     G - +3 robe "Liqod" {Dex+1}
rNeg   + + +     SustAb   .     y - +1 buckler
rPois  +         Gourm    .     (no helmet)
rElec  +         Spirit   .     T - +0 cloak
rCorr  .         Warding  .     z - +1 pair of gloves of Leapfrog {rN+ SInv}
rMut   .         Stasis   .     Q - +2 pair of boots "Stih" {+Fly rF+ rN+ Str+2}
MR     +....                    (no amulet)
Stlth  ++++++++..               A - ring "Xuuneakk" {rElec rPois Stlth+}
                                I - ring of stealth

@: regenerating slowly, somewhat resistant to hostile enchantments,
extraordinarily stealthy
A: bottle blood, fangs 3, see invisible, spit poison 1, unbreathing
a: Spit Poison, Bat Form, Receive Corpses, Torment, Renounce Religion, Evoke
Flight


You were on level 13 of the Dungeon.
You worshipped Kikubaaqudgha.
Kikubaaqudgha was extremely pleased with you.
You were very thirsty.

You visited 2 branches of the dungeon, and saw 16 of its levels.

You collected 804 gold pieces.
You spent 55 gold pieces at shops.

Inventory:

Hand weapons
 a - a +2 vampiric rapier (weapon)
 w - a +1 blowgun
 J - a +2 dagger of freezing
Missiles
 p - 67 poisoned needles
Armour
 y - a +1 buckler (worn)
 z - the +1 pair of gloves of Leapfrog (worn) {rN+ SInv}
   (You acquired it on level 12 of the Dungeon)

   It protects you from negative energy.
   It enhances your eyesight.
 G - the +3 robe "Liqod" (worn) {Dex+1}
   (You found it on level 6 of the Dungeon)

   It affects your dexterity (+1).
 Q - the +2 pair of boots "Stih" (worn) {+Fly rF+ rN+ Str+2}
   (You found it on level 7 of the Dungeon)

   It affects your strength (+2).
   It protects you from fire.
   It protects you from negative energy.
   It lets you fly.
 T - a +0 cloak (worn)
Jewellery
 g - a +3 ring of dexterity
 h - an uncursed ring of protection from magic
 n - an uncursed ring of ice
 A - the ring "Xuuneakk" (right hand) {rElec rPois Stlth+}
   (You found it on level 5 of the Dungeon)

   [ring of poison resistance]

   It insulates you from electricity.
   It protects you from poison.
   It makes you more stealthy.
 I - a ring of stealth (left hand)
Magical devices
 K - a wand of fireball (1)
 L - a wand of confusion (37)
 P - a wand of disintegration (20)
 R - a wand of fire (8)
Scrolls
 e - 11 scrolls of remove curse
 f - 2 scrolls of teleportation
 j - 2 scrolls of blinking
 k - 2 scrolls of fog
 o - 3 scrolls of fear
 u - a scroll of amnesia
 v - 2 scrolls of magic mapping
 D - 2 scrolls of recharging {unknown}
 E - 2 scrolls of enchant weapon
 U - a scroll of immolation {unknown}
Potions
 b - a potion of agility
 c - a potion of might
 d - 4 potions of restore abilities
 i - 7 potions of curing
 m - 2 potions of brilliance
 q - 6 potions of blood
 s - a potion of magic
 x - 2 potions of heal wounds
 B - a potion of cure mutation
 H - a potion of haste {unknown}
 M - 2 potions of invisibility {unknown}
 N - a potion of mutation {unknown}
 S - 2 potions of poison {unknown}
 V - a potion of cancellation {unknown}
 Y - a potion of resistance {unknown}
Books
 l - a book of Annihilations {highlevel, unknown}

   This book is beyond your current level of understanding.

   Spells                             Type                      Level
   a - Poison Arrow                   Conjuration/Poison           6
   b - Chain Lightning                Conjuration/Air              8
   c - Lehudib's Crystal Spear        Conjuration/Earth            8
   d - Glaciate                       Conjuration/Ice              9
   e - Fire Storm                     Conjuration/Fire             9
 r - Kikubaaqudgha's Grimoire of Dark Secrets
   (Kikubaaqudgha gifted it to you on level 10 of the Dungeon)

   Spells                             Type                      Level
   a - Bolt of Draining               Conjuration/Necromancy       5
   b - Agony                          Necromancy                   5
   c - Cigotuvi's Embrace             Necromancy                   5
   d - Dispel Undead                  Necromancy                   5
   e - Death Channel                  Necromancy                   6
 t - Kikubaaqudgha's Compendium of Unholy Rites
   (Kikubaaqudgha gifted it to you on level 6 of the Dungeon)

   Spells                             Type                      Level
   a - Pain                           Necromancy                   1
   b - Corpse Rot                     Necromancy                   2
   c - Sublimation of Blood           Necromancy                   2
   d - Vampiric Draining              Necromancy                   3
   e - Control Undead                 Necromancy                   4
 Z - a book of Cantrips

   Spells                             Type                      Level
   a - Corona                         Hexes                        1
   b - Animate Skeleton               Necromancy                   1
   c - Summon Small Mammal            Summoning                    1
   d - Apportation                    Translocation                1
Miscellaneous
 C - a sack of spiders
 F - a stone of tremors


   Skills:
 - Level 5.1 Fighting
 - Level 12.3 Short Blades
 - Level 2.3 Armour
 + Level 11.3 Dodging
 + Level 12.6 Stealth
 - Level 5.0 Shields
 - Level 8.1 Spellcasting
 + Level 12.2 Hexes
 + Level 10.8 Necromancy


You had 20 spell levels left.
You knew the following spells:

 Your Spells              Type           Power        Failure   Level  Hunger
a - Animate Skeleton      Necr           N/A          1%          1    None
b - Ensorcelled Hibernat  Hex/Ice        ####..       1%          2    None
c - Confuse               Hex            ######..     1%          3    None
e - Vampiric Draining     Necr           ######....   1%          3    None


Dungeon Overview and Level Annotations

Branches:
Dungeon (15/15)            Temple (0/1) D:7            Lair (1/8) D:10
    Orc (0/4) D:11         Vaults (0/5) D:14
 Depths: D:15

Altars:
Cheibriados
Dithmenos
Elyvilon
Fedhas
Gozag
Kikubaaqudgha
Makhleb
Okawaru
Qazlal
Sif Muna
Trog
Vehumet
Xom
Zin
The Shining One

Shops:
D:4 =   D:7 }

Annotations:
D:2 exclusion: downstairs
D:11 Urug


Innate Abilities, Weirdness & Mutations

You heal slowly.
You can bottle blood from corpses.
You have razor-sharp teeth.
You have supernaturally acute eyesight.
You can survive without breathing.
You can spit poison.


Message History

Okay, then.
Your cyclops skeleton hits the four-headed hydra.
The four-headed hydra is engulfed in calcifying dust.
The four-headed hydra stops moving altogether!
What do you say? t - Shout!
Orders for allies: a - Attack new target. p - Attack previous target. r - Retreat! s - Stop attacking. w - Wait here. f - Follow me.
Anything else - Stay silent.
Gang up on whom?
Press: ? - help, Dir - move target cursor, f/p - four-headed hydra
Aim: a four-headed hydra (lightly wounded, petrified) Attack!
Your cyclops skeleton hits the four-headed hydra!!
The cyclops throws a large rock.
The large rock hits you!!
You have identified the last potion.
Y - a potion of resistance {unknown} You die...
Kikubaaqudgha rasps: "You have failed me!
Welcome... oblivion!"

.....####+####.....#......>#
.†..## c.##....#.......#
...## ..##...#.......# ..##
..##..#.......# .#
.C##%##......# .
..#..##.....# .
##†#...##....# .
##..#....##...#
#..@'....%##..#
##..#....##...#
#####.#...##....#
#..)D.#..##.....#
#...Z##.##......#
#.†.##..#.......#
#..##...#.......#
...##....'.......#
###+####.....#.......#


You could see a four-headed hydra (petrified), a cyclops and a friendly cyclops
skeleton.

Vanquished Creatures
  Josephine (D:14)
  Fannar (D:11)
  An ice dragon (D:14)
  2 hydras
  2 centaur warriors
  Erica (D:11)
  3 tengu warriors
  A catoblepas (D:13)
  The ghost of monkeypoo the Thrower, an experienced KoBe of Trog (D:8)
  A shadow wraith (D:14)
  4 unseen horrors
  Pikel (D:6)
  6 hill giants
  3 ugly things
  4 cyclopes
  2 manticores
  Joseph (D:10)
  3 centaur skeletons (D:14)
  3 kobold demonologists (D:14)
  A yaktaur (D:14)
  2 komodo dragons
  5 trolls
  A tengu conjurer (D:15)
  A trapdoor spider zombie (D:14)
  Grinder (D:4)
  Prince Ribbit (D:7)
  A slime creature (D:9)
  3 two-headed ogres
  4 ravens
  A shadow (D:13)
  A trapdoor spider (D:13)
  2 deep elf magi
  A steam dragon (D:9)
  A spriggan (D:7)
  A vampire (D:13)
  Eustachio (D:4)
  A wyvern (D:14)
  3 wraiths
  16 yaks
  A mottled dragon (D:13)
  Edmund (D:5)
  3 orc warriors
  A human skeleton (D:14)
  A black bear (D:6)
  4 slaves
  A soldier ant (D:12)
  A yellow wasp (D:15)
  4 ice beasts
  A phantom (D:10)
  3 sky beasts
  9 ogres
  A boring beetle (shapeshifter) (D:14)
  Sigmund (D:6)
  Duvessa (D:6)
  20 centaurs
  A big kobold (D:10)
  A crocodile (D:10)
  8 giant frogs
  2 gnoll sergeants
  A wyvern skeleton (D:12)
  3 scorpions
  5 killer bees (D:10)
  3 wights (D:10)
  Dowan (D:6)
  3 goliath beetles
  A yellow wasp zombie (D:12)
  5 centaur zombies
  3 giant frog zombies
  9 crimson imps
  3 jellies
  7 orc priests
  16 orc wizards
  Crazy Yiuf (D:7)
  9 hounds
  An iguana (shapeshifter) (D:12)
  3 giant frog skeletons
  Natasha (twice) (D:4)
  4 iguanas
  15 worker ants
  A killer bee zombie (D:10)
  Ijyb (D:4)
  A mummy (D:15)
  3 hound skeletons
  A worker ant zombie (D:7)
  14 gnolls
  20 adders
  3 giant mites
  A shadow imp (D:5)
  5 worms
  6 giant geckos
  An ooze (D:2)
  61 orcs
  A ball python (D:3)
  21 bats
  3 bat skeletons
  A bat zombie (D:6)
  8 giant cockroaches
  22 hobgoblins
  7 jackals
  8 quokkas
  A giant gecko skeleton (D:4)
  4 giant newts
  12 goblins
  A goblin skeleton (D:5)
  3 goblin zombies (D:5)
  A hobgoblin zombie (D:5)
  34 kobolds
  An orc skeleton (D:5)
  3 orc zombies (D:5)
  14 rats
  17 ballistomycetes (D:12)
  A fungus (D:7)
530 creatures vanquished.

Vanquished Creatures (collateral kills)
  A catoblepas (D:13)
  A centaur zombie (D:13)
  A raven (D:15)
  A giant frog (D:13)
4 creatures vanquished.

Vanquished Creatures (others)
  An ugly thing skeleton (D:13)
  A mottled dragon skeleton (D:13)
  An orc skeleton (D:13)
  A hobgoblin (D:8)
  2 giant spores (D:12)
6 creatures vanquished.

Grand Total: 540 creatures vanquished

Notes
Turn   | Place    | Note
--------------------------------------------------------------
     0 | D:1      | Minkie, the Vampire Enchanter, began the quest for the Orb.
     0 | D:1      | Reached XP level 1. HP: 13/13 MP: 3/3
   292 | D:1      | Reached XP level 2. HP: 19/19 MP: 4/4
   306 | D:1      | Learned a level 2 spell: Ensorcelled Hibernation
  1175 | D:2      | Reached XP level 3. HP: 24/24 MP: 0/6
  1676 | D:1      | Reached skill level 5 in Stealth
  1676 | D:1      | Reached skill level 5 in Hexes
  1779 | D:2      | Reached XP level 4. HP: 30/30 MP: 7/7
  1801 | D:2      | Learned a level 3 spell: Confuse
  2456 | D:2      | Found a snail-covered altar of Cheibriados.
  2456 | D:2      | Found a deep blue altar of Sif Muna.
  2457 | D:2      | Found a stormy altar of Qazlal.
  3674 | D:3      | Reached XP level 5. HP: 35/35 MP: 6/9
  4073 | D:3      | Reached skill level 6 in Stealth
  4615 | D:3      | Reached XP level 6. HP: 41/41 MP: 5/10
  4735 | D:3      | Reached skill level 5 in Short Blades
  5426 | D:4      | Noticed an ogre
  5433 | D:4      | Killed an ogre
  5714 | D:5      | Entered Level 5 of the Dungeon
  5764 | D:4      | Reached skill level 7 in Stealth
  5846 | D:4      | Noticed Ijyb
  5883 | D:4      | Killed Ijyb
  5883 | D:4      | Reached XP level 7. HP: 46/46 MP: 7/12
  6108 | D:4      | Noticed Natasha
  6112 | D:4      | Killed Natasha
  6196 | D:4      | Found Toffabb's Jewellery Boutique.
  6208 | D:4      | Bought a +1 ring of evasion for 33 gold pieces
  6208 | D:4      | Bought a cursed amulet of inaccuracy for 22 gold pieces
  6285 | D:4      | Noticed Grinder
  6302 | D:4      | Killed Grinder
  6583 | D:4      | Noticed Eustachio
  6586 | D:4      | Killed Eustachio
  6586 | D:4      | Reached skill level 8 in Stealth
  6648 | D:4      | Reached XP level 8. HP: 42/52 MP: 13/13
  7119 | D:4      | Noticed Natasha
  7126 | D:4      | Killed Natasha
  7295 | D:5      | Found a shadowy altar of Dithmenos.
  7331 | D:5      | Found a radiant altar of Vehumet.
  7461 | D:5      | Found a glowing golden altar of the Shining One.
  7792 | D:5      | Reached skill level 9 in Stealth
  7924 | D:5      | Got a wavering golden ring
  7925 | D:5      | Identified the ring "Xuuneakk" {rElec rPois Stlth+} (You found it on level 5 of the Dungeon)
  8092 | D:6      | Noticed Edmund
  8100 | D:5      | Killed Edmund
  8358 | D:5      | Found a shimmering altar of Xom.
  8756 | D:6      | Found an ancient bone altar of Kikubaaqudgha.
  8766 | D:6      | Became a worshipper of Kikubaaqudgha
  8805 | D:6      | Got a tattered robe
  8816 | D:6      | Identified the cursed +3 robe "Liqod" {Dex+1} (You found it on level 6 of the Dungeon)
  8843 | D:6      | Reached XP level 9. HP: 57/57 MP: 7/14
  9387 | D:6      | Reached skill level 10 in Stealth
  9387 | D:6      | Reached skill level 1 in Shields
  9427 | D:6      | Noticed Duvessa
  9433 | D:6      | Noticed Dowan
  9435 | D:6      | Killed Duvessa
  9448 | D:6      | Acquired Kikubaaqudgha's first power
  9448 | D:6      | Received a gift from Kikubaaqudgha
  9449 | D:6      | Identified Kikubaaqudgha's Compendium of Unholy Rites (Kikubaaqudgha gifted it to you on level 6 of the Dungeon)
  9454 | D:6      | Killed Dowan
  9535 | D:6      | Learned a level 1 spell: Pain
  9539 | D:6      | Learned a level 3 spell: Vampiric Draining
  9547 | D:6      | Noticed Pikel
  9677 | D:6      | Killed Pikel
  9677 | D:6      | Reached skill level 10 in Hexes
  9677 | D:6      | Reached skill level 1 in Necromancy
 10047 | D:6      | Reached skill level 10 in Short Blades
 10053 | D:6      | Noticed Sigmund
 10060 | D:6      | Killed Sigmund
 10324 | D:5      | Got a scorched whip
 10542 | D:7      | Noticed Prince Ribbit
 10579 | D:7      | Killed Prince Ribbit
 10586 | D:7      | Found a glowing silver altar of Zin.
 10750 | D:7      | Got a pair of fine boots
 10756 | D:7      | Identified the +2 pair of boots "Stih" {+Fly rF+ rN+ Str+2} (You found it on level 7 of the Dungeon)
 10816 | D:7      | Found a staircase to the Ecumenical Temple.
 10901 | D:7      | Found Frotolomn's Gadget Emporium.
 10930 | D:7      | Found an opulent altar of Gozag.
 11227 | D:7      | Noticed Crazy Yiuf
 11233 | D:7      | Killed Crazy Yiuf
 11321 | D:8      | Found a white marble altar of Elyvilon.
 11330 | D:8      | Noticed monkeypoo's ghost (experienced KoBe)
 11955 | D:8      | Killed monkeypoo's ghost
 11955 | D:8      | Reached skill level 1 in Fighting
 11955 | D:8      | Reached skill level 5 in Dodging
 11955 | D:8      | Reached XP level 10. HP: 15/65 MP: 7/17
 12518 | D:8      | Acquired Kikubaaqudgha's second power
 12741 | D:8      | Noticed a hill giant
 12767 | D:8      | Killed a hill giant
 13035 | D:9      | Found an iron altar of Okawaru.
 13304 | D:9      | Gained mutation: You can spit poison. [potion of beneficial mutation]
 13315 | D:10     | Entered Level 10 of the Dungeon
 13315 | D:10     | Noticed Joseph
 13478 | D:9      | Found a deep blue altar of Sif Muna.
 14106 | D:9      | Found a bloodstained altar of Trog.
 14315 | D:9      | Found a burning altar of Makhleb.
 14318 | D:9      | Found an ancient bone altar of Kikubaaqudgha.
 14321 | D:9      | Found a blossoming altar of Fedhas.
 14627 | D:10     | Noticed a hill giant
 14635 | D:10     | Killed a hill giant
 14635 | D:10     | Reached skill level 5 in Necromancy
 14762 | D:10     | Noticed a hill giant
 14767 | D:10     | Killed a hill giant
 14853 | D:10     | Reached XP level 11. HP: 76/76 MP: 22/22
 15113 | D:10     | Got a pair of distressingly furry boots
 15124 | D:10     | Identified the cursed -5 pair of boots of Isollacw {Slay+3} (You found it on level 10 of the Dungeon)
 15225 | D:10     | Killed Joseph
 15225 | D:10     | Reached skill level 5 in Shields
 15297 | D:10     | Received a gift from Kikubaaqudgha
 15309 | D:10     | Identified Kikubaaqudgha's Grimoire of Dark Secrets (Kikubaaqudgha gifted it to you on level 10 of the Dungeon)
 15362 | D:10     | Found a staircase to the Lair.
 15399 | Lair:1   | Entered Level 1 of the Lair of Beasts
 16218 | D:11     | Noticed Fannar
 16371 | D:11     | Killed Fannar
 16371 | D:11     | Reached skill level 5 in Spellcasting
 16466 | D:11     | Noticed Erica
 16476 | D:11     | Killed Erica
 16476 | D:11     | Reached skill level 5 in Fighting
 16511 | D:12     | Noticed a hill giant
 16512 | D:12     | Killed a hill giant
 16599 | D:11     | Noticed an unseen horror
 16605 | D:11     | Killed an unseen horror
 16632 | D:11     | Got a shimmering ring mail
 16643 | D:11     | Identified the +2 ring mail of Anaesthesia {rC+ Str-4} (You found it on level 11 of the Dungeon)
 16698 | D:11     | Noticed a brown ugly thing
 16701 | D:11     | Killed a brown ugly thing
 16949 | D:11     | Noticed Urug
 16963 | D:11     | Acquired Kikubaaqudgha's third power
 17746 | D:11     | Noticed a hill giant
 17784 | D:11     | Killed a hill giant
 17784 | D:11     | Reached skill level 11 in Short Blades
 17784 | D:11     | Reached XP level 12. HP: 86/86 MP: 21/25
 17889 | D:11     | Found a staircase to the Orcish Mines.
 18524 | D:12     | Noticed a tengu warrior
 18536 | D:12     | Noticed a tengu warrior
 18631 | D:13     | Noticed a six-headed hydra
 18637 | D:13     | Got a transparent turquoise ring
 18647 | D:12     | Identified the ring of Xuycuor {+Fly Int+4 Dex-2} (You found it on level 13 of the Dungeon)
 18704 | D:12     | Learned a level 6 spell: Death Channel
 18794 | D:12     | Identified a scroll of acquirement
 18797 | D:12     | Got a pair of fine gloves
 18803 | D:12     | Identified the +1 pair of gloves of Leapfrog {rN+ SInv} (You acquired it on level 12 of the Dungeon)
 18808 | D:12     | Reached XP level 13. HP: 91/91 MP: 22/29
 18909 | D:12     | Killed a tengu warrior
 18909 | D:12     | Reached skill level 12 in Short Blades
 18909 | D:12     | Reached skill level 10 in Dodging
 18956 | D:12     | Killed a tengu warrior
 19183 | D:12     | Upgraded the game from 0.16-a0-3280-g3a29b53 to 0.16-a0-3291-g9854cb9
 19492 | D:13     | Killed a six-headed hydra
 22016 | D:14     | You fall through a shaft!
 22016 | D:15     | Entered Level 15 of the Dungeon
 22057 | D:15     | Reached skill level 10 in Necromancy
 22355 | D:14     | Noticed a centaur warrior
 22362 | D:14     | Acquired Kikubaaqudgha's fourth power
 22368 | D:14     | Killed a centaur warrior
 22671 | D:14     | Noticed an ice dragon
 22709 | D:14     | Reached XP level 14. HP: 12/98 MP: 22/30
 22727 | D:14     | Killed an ice dragon
 22819 | D:14     | Found a gate to the Vaults.
 22830 | D:14     | Learned a level 1 spell: Animate Skeleton
 22919 | D:14     | Noticed Josephine
 23033 | D:14     | Killed Josephine
 23323 | D:13     | Noticed a centaur warrior
 23339 | D:13     | Noticed a four-headed hydra
 23355 | D:13     | Hit by a large rock thrown by a cyclops

Action                   |  1- 3 |  4- 6 |  7- 9 | 10-12 | 13-15 || total
-------------------------+-------+-------+-------+-------+-------++-------
Melee: Dagger            |   133 |   151 |    22 |    34 |     1 ||   341
       Rapier            |       |       |   265 |   682 |   485 ||  1432
 Fire: Blowgun           |       |     6 |     5 |       |       ||    11
 Cast: Corona            |     1 |       |       |       |       ||     1
       Ensorcelled Hiber |    16 |    73 |   103 |   123 |    57 ||   372
       Confuse           |       |       |    16 |    20 |    44 ||    80
       Pain              |       |       |     1 |       |     3 ||     4
       Vampiric Draining |       |       |       |     3 |       ||     3
       Death Channel     |       |       |       |     1 |     3 ||     4
       Animate Skeleton  |       |       |       |       |     5 ||     5
 Abil: Spit Poison       |       |       |       |     2 |       ||     2
       End Transformatio |       |       |       |     2 |       ||     2
       Bat Form          |       |       |       |     2 |       ||     2
  Use: Scroll            |       |     9 |     3 |    16 |     2 ||    30
       Potion            |       |       |     1 |     3 |     2 ||     6
 Stab: Sleeping          |    17 |    64 |    80 |    99 |    47 ||   307
       Confused          |       |       |     6 |    16 |    25 ||    47
       Distracted        |       |       |     1 |     1 |     1 ||     3
       Petrifying        |       |       |       |       |     1 ||     1
  Eat: Corpse            |       |     1 |     1 |       |       ||     2
